 Dungeon Crawl Stone Soup version 0.28.0-45-g0d030f2227 (webtiles) character file.

Game seed: 2952050459212323398

114 Iusername the Covered (level 4, -2/40 HPs)
             Began as a Minotaur Fighter on Apr 5, 2022.
             Slain by a gnoll
             ... wielding a +0 halberd
              (6 damage)
             ... on level 3 of the Dungeon.
             The game lasted 00:05:46 (2752 turns).

Iusername the Covered (Minotaur Fighter)            Turns: 2752, Time: 00:05:47

Health: -2/40      AC: 12    Str: 22    XL:     4   Next: 67%
Magic:  3/3        EV:  6    Int:  5    God:
Gold:   102        SH:  5    Dex: 16    Spells: 3/3 levels left

rFire   . . .      SeeInvis .   a - +0 trident
rCold   + . .      Faith    .   c - +0 buckler
rNeg    . . .      Spirit   .   i - +0 plate armour
rPois   .          Reflect  .   (helmet restricted)
rElec   .          Harm     .   (no cloak)
rCorr   .          Rampage  .   (no gloves)
Will    .....                   (no boots)
Stlth   ..........              (no amulet)
HPRegen 0.13/turn               j - ring of protection from cold
MPRegen 0.08/turn               p - +6 ring of dexterity

@: mighty
A: horns 2, retaliatory headbutt
a: no special abilities


You were on level 3 of the Dungeon.
You visited 1 branch of the dungeon, and saw 3 of its levels.

You collected 102 gold pieces.

Inventory:

Hand Weapons
 a - a +0 trident (weapon)
Armour
 b - a +0 scale mail
 c - a +0 buckler (worn)
 i - a +0 plate armour (worn)
Magical Staves
 h - a staff of death
Jewellery
 j - a ring of protection from cold (left hand)
 p - a +6 ring of dexterity (right hand)
Scrolls
 e - a scroll of fog {unknown}
 g - a scroll of magic mapping {unknown}
 m - a scroll of vulnerability {unknown}
 n - a scroll of noise {unknown}
 o - a scroll of blinking {unknown}
Potions
 f - a potion of ambrosia {unknown}
 k - a potion of lignification {unknown}
 l - a potion of heal wounds {unknown}


   Skills:
 + Level 4.1 Fighting
 + Level 4.0 Polearms
 + Level 4.7 Armour
 + Level 4.4 Shields


You had 3 spell levels left.
You didn't know any spells.
Your spell library contained the following spells:

 Spells                   Type           Power      Damage    Failure   Level
 Magic Dart               Conj           0%         1d3       100%        1
 Call Imp                 Summ           0%         N/A       100%        2
 Frozen Ramparts          Ice            0%         1d2       100%        3
 Mephitic Cloud           Conj/Pois/Air  0%         N/A       100%        3
 Ice Form                 Ice/Tmut       0%         N/A       100%        4
 Petrify                  Tmut/Erth      0%         N/A       100%        4
 Summon Ice Beast         Ice/Summ       0%         N/A       100%        4
 Metabolic Englaciation   Hex/Ice        0%         N/A       100%        5
 Statue Form              Tmut/Erth      0%         N/A       100%        6


Dungeon Overview and Level Annotations

Branches:
Dungeon (3/15)

Altars:
Nemelex Xobeh

Shops:
D:1 =


Innate Abilities, Weirdness & Mutations

You have a pair of horns on your head.
You reflexively headbutt those who attack you in melee.


Message History

The gnoll barely misses you. You furiously retaliate!
You headbutt the gnoll. You barely miss the gnoll.
The gnoll is severely wounded.
The gnoll barely misses you. x2; The gnoll hits you with a +0 halberd.
You hit the gnoll but do no damage. You headbutt the gnoll.
The gnoll is almost dead.
The gnoll closely misses you. The gnoll barely misses you. x2
You barely miss the gnoll. Your headbutt misses the gnoll.
The gnoll is almost dead.
The gnoll hits you but does no damage. You block the gnoll's attack.
The gnoll hits you with a +0 halberd!
You closely miss the gnoll.
The gnoll is almost dead.
The gnoll barely misses you. The gnoll hits you with a +0 halberd.
The gnoll hits you but does no damage.
You hit the gnoll.
You kill the gnoll!
The gnoll hits you with a +0 club. You block the gnoll's attack.
You block the gnoll's attack. x2
Things that are here:
a +0 halberd; a gnoll corpse You hit the gnoll.
The gnoll is moderately wounded.
The gnoll hits you with a +0 club. The gnoll barely misses you.
The gnoll hits you but does no damage.
You completely miss the gnoll. Your headbutt misses the gnoll.
The gnoll is moderately wounded.
The gnoll hits you from afar with a +0 halberd.
* * * LOW HITPOINT WARNING * * *
The gnoll hits you but does no damage.
You closely miss the gnoll. Your headbutt misses the gnoll.
The gnoll is moderately wounded.
You block the gnoll's attack. x2
The gnoll hits you from afar with a +0 halberd.
* * * LOW HITPOINT WARNING * * *
You feel very mighty all of a sudden. The gnoll hits you with a +0 club.
* * * LOW HITPOINT WARNING * * *
The gnoll hits you from afar with a +0 halberd.
You die...

# #.........#
#.#
#+##g##†###
..#
#.gg..#.....#
#.g...#.....#
+##+##'##'##+
#.....#..#
#+###+#..#
#....g#g.#
+.._..'@.+
#.....#..#
#+###+#..#
#..# +##+


You could see 2 gnolls.

Vanquished Creatures
  A gnoll (D:3)
  7 adders
  2 worms (D:2)
  A dart slug (D:3)
  3 ball pythons
  4 bats
  An endoplasm (D:1)
  A giant cockroach (D:2)
  5 goblins
  3 hobgoblins (D:2)
  2 jackals (D:2)
  3 kobolds
  A quokka (D:3)
  4 frilled lizards
38 creatures vanquished.

Notes
Turn   | Place    | Note
-------+----------+-------------------------------------------
     0 | D:1      | Iusername the Minotaur Fighter began the quest for the Orb.
     0 | D:1      | Reached XP level 1. HP: 19/19 MP: 0/0
   252 | D:1      | Found a faded altar of an unknown god.
   256 | D:1      | Reached XP level 2. HP: 27/27 MP: 1/1
   354 | D:1      | Found Fal Zixil's Jewellery Boutique.
   988 | D:2      | Reached XP level 3. HP: 31/33 MP: 2/2
  2089 | D:2      | Reached XP level 4. HP: 40/40 MP: 3/3
  2733 | D:3      | Found a sparkling altar of Nemelex Xobeh.
  2752 | D:3      | Slain by a gnoll

Illustrated notes

Levels and vault maps discovered:
D:1:      nzn_arrival_water_spiral, layout_loops_ring, serial_shops,
          nicolae_shop_window_shopping,
          dreamdust_ecumenical_altar_angels_and_demons
D:2:      layout_basic
D:3:      layout_loops_ring, mainiacjoe_overflow_24_doors

Skill      XL: |  1  2  3  4 |
---------------+-------------+-----
Shields        | 4 |  4.4
Armour         | 4 |  4.7
Fighting       | 4 |  4.1
Polearms       | 3 4 |  4.0

Action                   |  1- 3 |  4- 6 || total
-------------------------+-------+-------++-------
Melee: Trident           |    65 |    43 ||   108
       Headbutt          |     6 |     4 ||    10
  Use: Potion            |       |     1 ||     1
Armor: Scale mail        |    13 |       ||    13
       Plate armour      |    45 |    27 ||    72
Dodge: Dodged            |    26 |    23 ||    49
Block: Buckler           |    16 |    13 ||    29
